AoeStats
← EGthe@2nd

Arabia

510042751Analyzed
1v1 RM · 2d ago on Sep 29, 2026· 64m 21s· 2 players
Game mode
Random Map
Map size
Tiny (2 player)
Population
200
Speed
Normal
Resources
Standard
Victory
Conquest
Starting age
Dark Age
Ending age
Imperial Age
RankedLock teamsTeams togetherTeam positionsShared explorationLock speedFull tech treeHidden civsTurbo modeCheats
Victory
Defeat
🇫🇷 Britons · France
771
+11
🇺🇸 Bohemians · United States
661
-11
EGthe@2nd
11:19 Feudal Age
13:49 Loom
22:14 Double-Bit Axe
26:02 Castle Age
26:59 Bow Saw
32:38 Chemistry
31:35 Horse Collar
34:38 Masonry
34:18 Pikeman
38:30 Imperial Age
36:38 Fervor
37:09 Wheelbarrow
36:43 Town Watch
37:09 Fletching
37:21 Padded Archer Armor
40:14 Two-Man Saw
39:11 Houfnice
40:38 Hand Cart
40:37 Bodkin Arrow
40:58 Leather Archer Armor
40:44 Scale Mail Armor
42:55 Conscription
43:08 Wagenburg Tactics
46:21 Siege Engineers
46:52 Bracer
47:07 Leather Archer Armor
47:08 Chain Mail Armor
47:04 Forging
47:46 Fortified Wall
47:57 Ballistics
53:30 Town Patrol
55:54 Cavalier
Stown974
5:09 Loom
9:39 Feudal Age
18:35 Double-Bit Axe
18:33 Horse Collar
24:10 Castle Age
22:07 Stone Mining
25:36 Wheelbarrow
26:34 Hand Cart
26:22 Gold Mining
26:46 Bow Saw
26:37 Heavy Plow
31:35 Padded Archer Armor
31:26 Fletching
31:46 Forging
33:55 Gold Shaft Mining
33:41 Leather Archer Armor
33:22 Bodkin Arrow
34:01 Yeomen
34:11 Yeomen
35:18 Town Watch
39:17 Imperial Age
40:12 Bracer
39:56 Elite Longbowman
40:53 Warwolf
42:17 Iron Casting
42:13 Ring Archer Armor
45:43 Blast Furnace
45:46 Chemistry
44:37 Heated Shot
45:08 Ballistics
Connection lost

Rejoining the realm…

Still unreachable

The connection could not be restored.

Session expired

The server has moved on; the page needs a fresh start.